 Dungeon Crawl Stone Soup version 0.31-a0-879-g1609e0ac53 (webtiles) character file.

Game seed: 16047541062053250498

82 gruber the Conjurer (level 4, -4/24 HPs)
             Began as a Deep Elf Conjurer on Oct 14, 2023.
             Slain by Pikel
             ... wielding a +2 whip of freezing
              (8 damage)
             ... on level 5 of the Dungeon.
             The game lasted 00:02:19 (2911 turns).

gruber the Conjurer (Deep Elf Conjurer)             Turns: 2911, Time: 00:02:19

Health: -4/24      AC:  6    Str:  4    XL:     4   Next: 21%
Magic:  0/10       EV: 12    Int: 25    God:
Gold:   215        SH:  0    Dex: 13    Spells: 6/9 levels left

rFire   . . .        r - +0 long sword
rCold   . . .        (no shield)
rNeg    . . .        a - +0 robe
rPois   .            (no helmet)
rElec   .            (no cloak)
rCorr   .            (no gloves)
SInv    .            (no boots)
Will    .....        c - amulet of guardian spirit
Stlth   ++           p - +4 ring of protection
HPRegen 0.24/turn    (no ring)
MPRegen 0.12/turn

%: guardian spirit
@: no status effects
A: no striking features
a: no special abilities


You were on level 5 of the Dungeon.
You visited 1 branch of the dungeon, and saw 5 of its levels.

You collected 215 gold pieces.

Inventory:

Hand Weapons
 r - a +0 long sword (weapon)
Armour
 a - a +0 robe (worn)
Jewellery
 c - an amulet of guardian spirit (around neck)
 p - a +4 ring of protection (left hand)
Scrolls
 h - a scroll of poison {unknown}
 j - a scroll of fear {unknown}
 m - 3 scrolls of identify {unknown}
 n - 5 scrolls of teleportation {unknown}
 o - a scroll of noise {unknown}
 q - 2 scrolls of blinking {unknown}
Potions
 d - a potion of ambrosia {unknown}
 e - 2 potions of heal wounds {unknown}
 f - 2 potions of curing {unknown}
 g - a potion of invisibility {unknown}
 i - a potion of brilliance {unknown}
 k - 3 potions of degeneration {unknown}
 l - a potion of mutation {unknown}
 s - a potion of cancellation {unknown}


   Skills:
 - Level 2.4 Dodging
 - Level 2.4 Stealth
 - Level 3.0 Spellcasting
 + Level 6.3 Conjurations


You had 6 spell levels left.
You knew the following spells:

 Your Spells              Type           Power      Damage    Failure   Level
a - Magic Dart            Conj           100%       1d8       1%          1
b - Searing Ray           Conj           70%        2d7       1%          2

Your spell library contained the following spells:

 Spells                   Type           Power      Damage    Failure   Level
 Dazzling Flash           Conj/Hex       38%        N/A       9%          3
 Fulminant Prism          Conj/Hex       9%         3d6       26%         4
 Iskenderun's Mystic Bla  Conj/Tloc      19%        2d6       26%         4
 Ozocubu's Armour         Ice            3%         N/A       30%         3
 Ozocubu's Refrigeration  Ice            1%         4d7       100%        7


Dungeon Overview and Level Annotations

Branches:
Dungeon (5/15)
 Temple: D:4-7

Altars:

Shops:
D:1 (   D:2 :

Annotations:
D:4 Blork the orc
D:5 Pikel


Message History

The lemure is moderately wounded.
The lemure barely misses you. Magic courses through your body.
Unknown command.
Unknown command.
Unknown command.
Casting: Searing Ray (safe; 1% risk of failure)
Confirm with . or Enter, or press ? or * to list all spells.
Aiming: Searing Ray (safe; 1% risk of failure)
Press: ? - help, Shift-Dir - straight line, f/p - lemure
Aim: a lemure (moderately wounded, 76% to hit)
The searing ray hits Pikel.
Pikel is heavily wounded.
The searing ray misses the lemure. (Press . to maintain the ray.) Pikel hits you with a +2 whip of freezing!
* * * LOW HITPOINT WARNING * * *
Pikel freezes you.
* * * LOW HITPOINT WARNING * * *
The searing ray hits Pikel.
Pikel is heavily wounded.
The searing ray misses the lemure.
Pikel zaps a wand.
The bolt of dispelling energy misses you.
Unknown command.
The searing ray hits Pikel.
Pikel is severely wounded.
The searing ray hits the lemure.
The lemure is heavily wounded.
Pikel hits you with a +2 whip of freezing.
* * * LOW HITPOINT WARNING * * *
Pikel freezes you.
* * * LOW HITPOINT WARNING * * *
The searing ray hits Pikel but does no damage.
Pikel is severely wounded.
The searing ray hits the lemure!
The lemure is almost dead.
You finish channelling your searing ray.
Pikel hits you with a +2 whip of freezing!
You die...
Pikel says, "See you in Hell!"

.... #...........K
.... #....(......5.
.....##...#######..
.....##...##...#
...
................
#..
................
......555.......
+###.##K####...# ##
#@# ...#
#............#
#)...........#
#............
#.....#####+#
##....# ######


You could see Pikel and 3 lemures.

Vanquished Creatures
  A lemure (D:5)
  3 adders (D:3)
  2 worms (D:3)
  A dart slug (D:1)
  7 ball pythons
  2 endoplasms (D:2)
  7 giant cockroaches
  5 goblins
  3 hobgoblins
  3 quokkas
  3 bats
  4 frilled lizards
  2 kobolds
  4 rats
47 creatures vanquished.

Notes
Turn   | Place    | Note
-------+----------+-------------------------------------------
     0 | D:1      | gruber the Deep Elf Conjurer began the quest for the Orb.
     0 | D:1      | Reached XP level 1. HP: 10/10 MP: 6/6
   161 | D:1      | Found Gushek's Weapon Shop.
   335 | D:1      | You fall into a shaft and drop 1 floor!
   341 | D:2      | Reached XP level 2. HP: 15/15 MP: 5/8
   344 | D:2      | Learned a level 2 spell: Searing Ray
   438 | D:2      | Reached skill level 5 in Conjurations
   806 | D:1      | Found a faded altar of an unknown god.
  1199 | D:2      | Reached XP level 3. HP: 19/19 MP: 5/9
  1326 | D:2      | Found Caudweij's Book Shoppe.
  1657 | D:3      | Identified the +5 falchion of the Spheres {antimagic, rCorr
                  | Str+2}
  2084 | D:3      | Reached skill level 6 in Conjurations
  2315 | D:3      | Reached XP level 4. HP: 24/24 MP: 1/10
  2835 | D:4      | Noticed Blork the orc
  2836 | D:4      | Noticed a scorpion
  2846 | D:5      | Entered Level 5 of the Dungeon
  2880 | D:5      | Noticed Pikel
  2880 | D:5      | Noticed a lemure
  2880 | D:5      | Noticed a lemure
  2880 | D:5      | Noticed a lemure
  2898 | D:5      | Noticed a lemure
  2905 | D:5      | Killed a lemure
  2911 | D:5      | Slain by Pikel

Illustrated notes

Levels and vault maps discovered:
D:1:      psy_arrival_radial02, layout_basic, serial_shops, shop,
          shapermc_ecumenical_altar_venn
D:2:      layout_basic, serial_shops, nicolae_book_shop_shelving, minmay_tripent
D:3:      layout_basic
D:4:      layout_rooms, nemelex_dance_club_becter, uniq_blork_the_orc,
          uniq_grinder
D:5:      layout_gridville, minmay_temple_entry_overgrown, serial_shops,
          nicolae_shop_pleasant_corner_grove, chequers_jeans, uniq_pikel

Skill      XL: |  1  2  3 |
---------------+----------+-----
Conjurations   | 5 6 |  6.3
Dodging        | |  2.4
Stealth        | |  2.4
Spellcasting   | |  3.0

Action                     |  1- 3 |  4- 6 || total
---------------------------+-------+-------++-------
  Melee: Unarmed           |     7 |       ||     7
         Long sword        |       |     2 ||     2
   Cast: Magic Dart        |    78 |     7 ||    85
         Searing Ray       |     1 |     3 ||     4
    Use: Potion            |       |     1 ||     1
 Armour: Robe              |     7 |     9 ||    16
  Dodge: Dodged            |    10 |     5 ||    15

Table legend: (Time is in decaauts)
 A = Elapsed time spent in this place.
 B = Non-inter-level travel time spent in this place.
 C = Inter-level travel time spent in this place.
 D = Time resting spent in this place.
 E = Time spent auto-exploring this place.
 F = Levels seen in this place.
 G = Mean time per level.
                   A        B        C        D        E       F      G
               +--------+--------+--------+--------+--------+-----+--------+
         Total |   2909 |   2842 |     67 |      0 |   2558 |   5 |  581.8 |
       Dungeon |   2909 |   2842 |     67 |      0 |   2558 |   5 |  581.8 |
               +--------+--------+--------+--------+--------+-----+--------+

Top non-repeatable levels by time:
     D:3: 1136 daAuts
     D:1: 1048 daAuts
     D:2: 585 daAuts
     D:4: 73 daAuts
     D:5: 65 daAuts
